 Dungeon Crawl Stone Soup version 0.20.1-1-g8b1a95d (webtiles) character file.

69 xaos the Skirmisher (level 4, 0/35 HPs)
             Began as a Human Fighter on Dec 11, 2017.
             Slain by Wesley's ghost (9 damage)
             ... on level 3 of the Dungeon on Dec 19, 2017.
             The game lasted 00:10:15 (1535 turns).

xaos the Skirmisher (Human Fighter)                 Turns: 1535, Time: 00:10:16

Health: 0/35       AC: 13    Str: 18    XL:     4   Next: 42%
Magic:  4/4        EV:  7    Int:  8    God:
Gold:   94         SH:  9    Dex: 12    Spells: 3/3 levels left

rFire    . . .     SeeInvis .   e - +1 mace (protect)
rCold    . . .     Gourm    .   c - +0 shield
rNeg     . . .     Faith    .   b - +0 scale mail
rPois    .         Spirit   .   (no helmet)
rElec    .         Reflect  .   (no cloak)
rCorr    .         Harm     .   (no gloves)
MR       .....                  (no boots)
Stlth    ..........             (no amulet)
Regen    0.2/turn               (no ring)
MPRegen  0.1/turn               (no ring)

@: protection aura
A: no striking features
a: no special abilities


You were on level 3 of the Dungeon.
You were not hungry.

You visited 1 branch of the dungeon, and saw 3 of its levels.

You collected 94 gold pieces.

Inventory:

Hand Weapons
 a - a +0 flail
 e - a +1 mace of protection (weapon)
 s - a +0 whip
 t - a +0 whip
Missiles
 g - 63 stones (quivered)
 j - 24 arrows
 m - 18 poisoned needles
 r - 4 tomahawks
Armour
 b - a +0 scale mail (worn)
 c - a +0 shield (worn)
Scrolls
 h - 3 scrolls of fog {unknown}
 i - a scroll of magic mapping {unknown}
 k - 4 scrolls of identify {unknown}
 l - a scroll of remove curse {unknown}
Potions
 d - a potion of might
 o - a potion of lignification {unknown}
 p - 2 potions of curing {unknown}
 q - a potion of agility {unknown}
 u - a potion of heal wounds {unknown}
 v - a potion of magic {unknown}
 w - a potion of mutation {unknown}
Comestibles
 f - a bread ration
 n - 3 meat rations


   Skills:
 + Level 3.4 Fighting
 + Level 3.0 Maces & Flails
 + Level 0.2 Throwing
 + Level 3.2 Armour
 + Level 0.8 Dodging
 + Level 0.2 Stealth
 + Level 3.4 Shields


You had 3 spell levels left.
You didn't know any spells.

Dungeon Overview and Level Annotations

Branches:
Dungeon (3/15)

Altars:
Vehumet

Annotations:
D:3 Wesley's ghost, amateur VSGl


Message History

Wesley's ghost hits you! Wesley's ghost hits you.
You closely miss Wesley's ghost.
Wesley's ghost is moderately damaged.
You block Wesley's ghost's attack.
You miss Wesley's ghost.
Wesley's ghost is moderately damaged.
Wesley's ghost hits you but does no damage. x2
Your scale mail prevents you from hitting Wesley's ghost.
Wesley's ghost is moderately damaged.
Wesley's ghost hits you!
* * * LOW HITPOINT WARNING * * *
You hit Wesley's ghost but do no damage.
Your weapon exudes an aura of protection.
Wesley's ghost is moderately damaged.
Wesley's ghost hits you but does no damage.
You closely miss Wesley's ghost.
Wesley's ghost is moderately damaged.
Wesley's ghost hits you but does no damage.
Wesley's ghost hits you!
You die...

.. ..... .....
########.....
#.......##### ..
#####...........#.8.
#......@W.......#..
#..................
#...............#
#.>.............# .8
#...............# .
#...............####.###
#..........<............
#..............#..#...
#..........###.# ....


You could see Wesley's ghost.

Vanquished Creatures
  3 adders
  3 leopard geckos
  A giant cockroach (D:1)
  7 goblins
  A hobgoblin (D:1)
  2 jackals (D:2)
  7 bats
  4 frilled lizards
  5 kobolds
  7 rats
40 creatures vanquished.

Notes
Turn   | Place    | Note
-------+----------+-------------------------------------------
     0 | D:1      | xaos the Human Fighter began the quest for the Orb.
     0 | D:1      | Reached XP level 1. HP: 18/18 MP: 1/1
    69 | D:1      | Reached XP level 2. HP: 24/24 MP: 2/2
   727 | D:1      | Reached XP level 3. HP: 28/29 MP: 3/3
  1074 | D:2      | Reached XP level 4. HP: 34/35 MP: 4/4
  1082 | D:2      | Found a radiant altar of Vehumet.
  1520 | D:3      | Noticed Wesley's ghost (amateur VSGl)
  1535 | D:3      | Slain by Wesley's ghost

Skill      XL: |  1  2  3  4 |
---------------+-------------+-----
Maces & Flails | 3 |  3.0
Fighting       | |  3.4
Throwing       | |  0.2
Armour         | |  3.2
Dodging        | |  0.8
Stealth        | |  0.2
Shields        | |  3.4

Action                   |  1- 3 |  4- 6 || total
-------------------------+-------+-------++-------
Melee: Flail             |     8 |       ||     8
       Mace              |    79 |    55 ||   134
Throw: Throwing net      |     2 |       ||     2
       Stone             |     3 |       ||     3
  Eat: Bread ration      |       |     1 ||     1
       Chunk             |       |     1 ||     1
Armor: Scale mail        |    49 |    41 ||    90
Dodge: Dodged            |    21 |    26 ||    47
Block: Shield            |    43 |    40 ||    83
